[Event "Team 45 45 League T45"]
[Site "Internet Chess Club"]
[Date "2010.05.23"]
[Round "3"]
[White "pawnward"]
[Black "giltar"]
[Result "0-1"]
[WhiteElo "1667"]
[BlackElo "1884"]
[Opening "Caro-Kann defense"]
[ECO "B10"]
[Time "08:02:19"]
[TimeControl "2700+45"]

1. e4 c6 2. Nf3 d5 3. Bd3 Bg4 4. b3 Nd7 5. Bb2 Nc5 6. Qe2 e6 7. c4 Nxd3+ 8. Qxd3
dxe4 9. Qxe4 Nf6 10. Qe2 Bd6 11. d3 Bf5 12. O-O Bxd3 13. Qxd3 Bxh2+ 14. Kxh2
Qxd3 15. Ne5 Qxf1 {White resigns} 0-1

[Event "Team 45 45 League T45"]
[Site "Internet Chess Club"]
[Date "2010.05.21"]
[Round "3"]
[White "mongmong"]
[Black "Rookmaster"]
[Result "0-1"]
[WhiteElo "1510"]
[BlackElo "1746"]
[Opening "Queen's pawn game"]
[ECO "D04"]
[Time "22:02:41"]
[TimeControl "2700+45"]

1. d4 d5 2. Nf3 Nf6 3. e3 Bf5 4. c4 e6 5. cxd5 exd5 6. Qb3 Qc8 7. Nc3 c6 8. Be2
Nbd7 9. O-O Bd6 10. Bd2 O-O 11. Rac1 Nb6 12. Nb5 Bc7 13. Nxc7 Qxc7 14. Ba5 Nfd7
15. Bxb6 Nxb6 16. Bd3 Bg6 17. Bxg6 fxg6 18. Ne5 Rf6 19. Rc2 Raf8 20. Rfc1 Qe7
21. Qd3 Nd7 22. Nxd7 Qxd7 23. b4 Qf7 24. Rf1 Qe7 25. a3 Re8 26. Qc3 Qd7 27. Qc5
b6 28. Qc3 Ref8 29. Qb2 a6 30. a4 b5 31. axb5 cxb5 32. Qc1 h6 33. Rc5 Qf7 34.
Qb2 Kh7 35. Qa2 Qe7 36. Qc2 Qxe3 37. Rxd5 Rxf2 38. Qxf2 Rxf2 39. Rxf2 Qe1+ 40.
Rf1 Qxb4 41. h3 a5 42. Rf7 g5 43. Rdd7 Qb1+ 44. Kh2 Qg6 45. Ra7 Qd6+ 46. Kh1
Qxd4 47. Rxa5 Qd1+ 48. Kh2 Qd6+ 49. Kh1 b4 50. Raa7 Qd4 51. Rfd7 Qb2 52. Rab7 b3
53. Rb6 Qb1+ 54. Kh2 Qf5 55. Rdb7 g4 56. hxg4 Qf4+ 57. Kg1 b2 58. Rxb2 Qxg4 59.
R2b4 Qd1+ 60. Kh2 h5 61. Kh3 Kh6 62. R4b6+ g6 63. Rb8 Qg4+ 64. Kh2 Qf4+ 65. Kh3
Qd4 66. Rb4 Qe3+ 67. Kh2 Qe5+ 68. Kh3 Qf5+ 69. Kh2 Qf6 70. R8b6 Qf2 71. Rb8 Qf1
72. Rh8+ Kg5 73. Rhb8 Qe1 74. R4b5+ Kh6 75. Rh8+ Kg7 76. Rhb8 h4 77. R5b7+ Kh6
78. Rh8+ Kg5 79. Rb5+ Kg4 80. Rhb8 g5 81. Rb4+ Kh5 82. Rh8+ Kg6 83. Rg8+ Kf7 84.
Rgb8 Kg6 85. R8b6+ Kh5 86. R6b5 Qg3+ 87. Kh1 Qe1+ 88. Kh2 Qf2 89. Rb2 Qe1 90.
Rb1 Qg3+ 91. Kh1 h3 92. gxh3 Qxh3+ 93. Kg1 Qg3+ 94. Kh1 Kh4 95. R1b2 Qf3+ 96.
Kg1 g4 97. Rh2+ Kg3 98. Rhb2 Qd1# {White checkmated} 0-1

[Event "Team 45 45 League T45"]
[Site "Internet Chess Club"]
[Date "2010.05.21"]
[Round "3"]
[White "Ernie1"]
[Black "smsxman"]
[Result "1-0"]
[WhiteElo "1653"]
[BlackElo "1497"]
[Opening "Queen's Pawn"]
[ECO "A41"]
[Time "22:00:39"]
[TimeControl "2700+45"]

1. d4 d6 2. Nf3 Nf6 3. Bg5 Bg4 4. h3 Bf5 5. g4 Bg6 6. Bxf6 exf6 7. Bg2 Be4 8.
Nbd2 f5 9. Nxe4 fxe4 10. Nd2 d5 11. c4 c6 12. Qb3 b6 13. cxd5 cxd5 14. Nxe4 dxe4
15. Bxe4 Nd7 16. Bxa8 Qxa8 17. O-O-O g6 18. Qe3+ Be7 19. d5 Kf8 20. g5 Qd8 21.
h4 Qa8 22. d6 Bxd6 23. Qd4 Ke7 24. Qxd6+ {Black resigns} 1-0

[Event "Team 45 45 League T45"]
[Site "Internet Chess Club"]
[Date "2010.05.21"]
[Round "3"]
[White "MeanMrMustard"]
[Black "RedAttack"]
[Result "0-1"]
[WhiteElo "1872"]
[BlackElo "1983"]
[Opening "King's pawn game"]
[ECO "C50"]
[Time "21:00:39"]
[TimeControl "2700+45"]

1. e4 e5 2. Nf3 Nc6 3. Bc4 d6 4. d4 Bg4 5. h3 Bh5 6. dxe5 Bxf3 7. Qxf3 Nxe5 8.
Qb3 Nxc4 9. Qxc4 Be7 10. Qb5+ c6 11. Qxb7 Rc8 12. Qxa7 Nf6 13. Nc3 O-O 14. O-O
Re8 15. Qd4 d5 16. exd5 cxd5 17. Bg5 h6 18. Bh4 Rc4 19. Bxf6 Rxd4 20. Bxd4 Bf6
21. Bxf6 Qxf6 22. Nxd5 Qxb2 23. Ne3 Ra8 24. Rfb1 Qc3 25. a4 Ra5 26. Ra2 g5 27.
Rba1 f5 28. Ra3 Qc6 29. c3 f4 30. Nc2 h5 31. Nd4 Qc4 32. f3 Kf7 33. Nb5 Kf6 34.
Nd4 g4 35. fxg4 hxg4 36. hxg4 Kg5 37. Nb5 Kxg4 38. R1a2 Qc5+ 39. Kf1 Ra8 40. Nd4
Rh8 41. Kf2 Rh1 42. a5 Qe7 43. Nc2 Qh4+ 44. Ke2 Qg3 45. a6 Qxg2+ 46. Kd3 Rd1+
47. Kc4 Qd5+ 48. Kb4 Rb1+ 49. Ka4 Qb5# {White checkmated} 0-1

[Event "Team 45 45 League T45"]
[Site "Internet Chess Club"]
[Date "2010.05.22"]
[Round "3"]
[White "jjmolina"]
[Black "wavery"]
[Result "1-0"]
[WhiteElo "1738"]
[BlackElo "1776"]
[Opening "Sicilian: Kan, 5.Nc3"]
[ECO "B43"]
[Time "10:01:50"]
[TimeControl "2700+45"]

1. e4 c5 2. Nf3 e6 3. d4 cxd4 4. Nxd4 a6 5. Nc3 d6 6. g3 b6 7. Bg2 Bb7 8. O-O
Nd7 9. Re1 Qc7 10. Be3 Be7 11. f4 Ngf6 12. g4 h5 13. g5 Ng4 14. g6 e5 15. gxf7+
Kxf7 16. Nf5 Nxe3 17. Rxe3 Nf6 18. fxe5 dxe5 19. Nxe7 Kxe7 20. Nd5+ Nxd5 21.
exd5 Kd6 22. Rc3 Qe7 23. Rg3 g5 24. Qd3 Qg7 25. Qf5 Bc8 26. Qxg5 Qxg5 27. Rxg5
Rh6 28. Re1 Bd7 29. Rexe5 Rc8 30. Be4 Rc4 31. c3 h4 32. Bf3 Bh3 33. Bg2 Bd7 34.
Re3 h3 35. Bf3 Rf6 36. Re4 Rxf3 37. Rxc4 Bb5 38. Rc6+ Bxc6 39. dxc6 Kxc6 40. Rg3
Rf4 41. Rxh3 Ra4 42. a3 Re4 43. Kf2 Rf4+ 44. Ke2 Rg4 45. Kd3 Rg2 46. b3 Rg1 47.
b4 a5 48. Rh6+ Kb5 49. h4 Rg3+ 50. Kc2 axb4 51. axb4 Rh3 52. Kb3 Ka6 53. h5 Kb5
54. Rh7 Rh4 55. h6 Rh3 56. Rh8 Rh4 57. h7 Rh3 58. Kc2 Rh2+ 59. Kd3 Rh3+ 60. Kd4
Rh4+ 61. Ke5 Rh5+ 62. Kf6 Rh1 63. Kg7 Rg1+ 64. Kh6 Rh1+ 65. Kg5 Rg1+ 66. Kh4
Rh1+ 67. Kg3 Rh6 68. Kf4 Rh1 69. Ke4 Rh4+ 70. Kd3 Rh3+ 71. Kc2 Rh2+ 72. Kb3 Rh3
73. Kc2 Rh2+ 74. Kd1 Rh1+ 75. Kd2 Rh2+ 76. Kd3 Rh3+ 77. Kd4 Rh4+ 78. Ke5 Rh5+
79. Kd6 Rh6+ 80. Ke7 Rh1 81. Kd7 Rd1+ 82. Kc7 Rh1 83. Kd6 Rh6+ 84. Ke5 Rh5+ 85.
Kf4 Rh1 86. Ke3 Rh3+ 87. Kd4 Rh4+ 88. Kd5 Rh5+ 89. Kd6 Rh6+ 90. Kd7 Rh1 91. Ke7
Re1+ 92. Kf7 Rf1+ 93. Ke8 Re1+ 94. Kd8 Rd1+ 95. Kc7 Rh1 96. Kb7 Rh6 97. Kb8 Rh3
98. Ka7 Rh6 99. Kb7 Rh3 100. c4+ Kxb4 101. Kxb6 Rh6+ 102. Kb7 Rh5 103. c5 {Black
resigns} 1-0

[Event "Team 45 45 League T45"]
[Site "Internet Chess Club"]
[Date "2010.05.23"]
[Round "3"]
[White "UnderRated"]
[Black "nityanand"]
[Result "0-1"]
[WhiteElo "1668"]
[BlackElo "1721"]
[Opening "Scandinavian defense"]
[ECO "B01"]
[Time "11:30:33"]
[TimeControl "2700+45"]

1. e4 d5 2. exd5 Qxd5 3. Nc3 Qa5 4. d4 Nf6 5. Nf3 Bf5 6. Bd2 c6 7. Bc4 e6 8. O-O
Bb4 9. a3 Bxc3 10. Bxc3 Qc7 11. Bb3 Nbd7 12. Nh4 Be4 13. Bd2 c5 14. f3 Bc6 15.
Bg5 h6 16. Bxf6 Nxf6 17. g4 O-O-O 18. c3 g5 19. Ng2 h5 20. gxh5 Rxh5 21. f4 Bxg2
22. Kxg2 gxf4 23. Rf2 Rg8+ 24. Kh1 Ng4 25. Rg2 f3 26. Qxf3 Rxh2+ 27. Kg1 Rxg2+
28. Qxg2 Nf6 29. Qxg8+ Nxg8 30. Rf1 c4 31. Bd1 Qg3+ 32. Kh1 f5 33. Bf3 Nh6 34.
Be2 Nf7 35. Bxc4 Kd7 36. Bb5+ Kd6 37. c4 b6 38. b4 Qh3+ 39. Kg1 Qe3+ 40. Kh1
Qxd4 41. c5+ bxc5 42. bxc5+ Qxc5 43. Be2 Qe3 44. Bf3 Ng5 45. Bg2 f4 46. Bb7 e5
47. a4 e4 48. a5 Qh3+ 49. Kg1 f3 50. Rf2 e3 51. Rh2 f2+ 52. Rxf2 exf2+ 53. Kxf2
Qh2+ 54. Bg2 Qf4+ 55. Kg1 Ne4 56. a6 Nd2 57. Kh1 Kc5 58. Kg1 Kb6 59. Kh1 Kxa6
60. Kg1 Kb6 61. Kh1 a5 62. Kg1 a4 63. Kh1 a3 64. Bd5 Qg3 65. Bc4 a2 66. Bxa2 Nf1
67. Bc4 Qh2# {White checkmated} 0-1

[Event "Team 45 45 League T45"]
[Site "Internet Chess Club"]
[Date "2010.05.23"]
[Round "3"]
[White "Sirian"]
[Black "jps7"]
[Result "1-0"]
[WhiteElo "1609"]
[BlackElo "1776"]
[Opening "Levitsky attack (Queen's bishop attack)"]
[ECO "D00"]
[Time "12:01:39"]
[TimeControl "2700+45"]

1. d4 d5 2. Bg5 b6 3. e3 Bb7 4. Nc3 a6 5. Bd3 Nd7 6. Qe2 Ngf6 7. h4 e5 8. f3 Be7
9. O-O-O h6 10. Bxf6 Bxf6 11. g4 e4 12. fxe4 dxe4 13. Nxe4 Bxh4 14. Rh2 Be7 15.
Rf1 Nf6 16. Nxf6+ Bxf6 17. Bf5 Qe7 18. Nh3 O-O 19. g5 Bxg5 20. Nxg5 Qxg5 21. Rh5
Qg2 22. Qxg2 Bxg2 23. Rg1 Bc6 24. Rxh6 g6 25. Bxg6 fxg6 26. Rgxg6+ Kf7 27. Rxc6
Rac8 28. Rh7+ Kg8 29. Rhxc7 Rce8 30. Rg6+ Kh8 31. Rgg7 Rf3 32. Rh7+ Kg8 33.
Rcg7+ Kf8 34. Rh8+ Kxg7 35. Rxe8 Kf7 36. Re5 Rf1+ 37. Kd2 Rf2+ 38. Kd3 b5 39. b4
Kf6 40. Re4 Rf1 41. d5 Ra1 42. Re6+ Kf7 43. Rxa6 Rxa2 44. Rxa2 Ke7 45. Ra5 Kd6
46. Rxb5 Ke5 47. Rc5 Kd6 48. Kd4 Kd7 49. e4 Kd6 50. e5+ Kd7 51. b5 Ke7 52. b6
Kd7 53. b7 Ke7 54. b8=Q Kd7 55. Rc7# {Black checkmated} 1-0

[Event "Team 45 45 League T45"]
[Site "Internet Chess Club"]
[Date "2010.05.25"]
[Round "3"]
[White "joshtournman"]
[Black "oldsj"]
[Result "0-1"]
[WhiteElo "1478"]
[BlackElo "1610"]
[Opening "King's Indian: Andersson variation"]
[ECO "E92"]
[Time "10:00:04"]
[TimeControl "2700+45"]

1. d4 Nf6 2. c4 g6 3. Nc3 Bg7 4. e4 d6 5. Nf3 O-O 6. Be2 e5 7. dxe5 dxe5 8. Qxd8
Rxd8 9. Nxe5 Nxe4 10. Nxe4 Bxe5 11. O-O Nc6 12. Rb1 Bf5 13. Bf3 Nd4 14. Be3
Nxf3+ 15. gxf3 b6 16. b3 Rd3 17. Ng3 Bh3 18. Rfe1 f6 19. f4 Bc3 20. Re2 Rad8 21.
f3 Kf7 22. Kf2 Bc8 23. Ne4 Bb4 24. Rg1 f5 25. Ng5+ Kg7 26. Rg2 h6 27. Nh3 Bb7
28. Rg3 Kf7 29. Rc2 Re8 30. Re2 Rdxe3 31. Rxe3 Bc5 {White resigns} 0-1

[Event "Team 45 45 League T45"]
[Site "Internet Chess Club"]
[Date "2010.05.24"]
[Round "3"]
[White "beerss"]
[Black "OGO"]
[Result "1-0"]
[WhiteElo "1392"]
[BlackElo "1636"]
[Opening "Bird's opening"]
[ECO "A02"]
[Time "17:00:12"]
[TimeControl "2700+45"]

1. f4 Nf6 2. Nf3 d6 3. e3 c6 4. Be2 Nbd7 5. O-O e6 6. b3 Be7 7. Bb2 O-O 8. c4 d5
9. Na3 a5 10. Ne5 Qb6 11. Nc2 a4 12. Nxd7 Bxd7 13. Nd4 c5 14. Nb5 Bxb5 15. cxb5
axb3 16. axb3 Ne4 17. Bd3 Nf6 18. Kh1 d4 19. e4 Rxa1 20. Bxa1 h6 21. h3 Rc8 22.
Qf3 Qa5 23. e5 Nh7 24. Qxb7 Qc7 25. Qe4 Nf8 26. Bb2 f6 27. Bc4 f5 28. Qb1 Qa5
29. d3 Qd8 30. Bc1 Qe8 31. Bd2 Bd8 32. Qe1 Bb6 33. Ba5 Nd7 34. Bxb6 Nxb6 35. Qa5
Qd8 36. Bxe6+ Kh7 37. Bxc8 Qxc8 38. Ra1 Nd5 39. Qa8 Qe6 40. Ra6 Qf7 41. b6 Nxf4
42. b7 Qxb3 43. Ra1 Qxd3 44. b8=Q Qg3 45. Qh8+ Kg6 46. Qae8+ {Black resigns} 1-0

[Event "Team 45 45 League T45"]
[Site "Internet Chess Club"]
[Date "2010.05.25"]
[Round "3"]
[White "KidCopperhead"]
[Black "moreffee"]
[Result "1-0"]
[WhiteElo "1407"]
[BlackElo "1214"]
[Opening "Sicilian defense"]
[ECO "B20"]
[Time "14:00:06"]
[TimeControl "2700+45"]

1. e4 c5 2. c4 Nc6 3. Nf3 g6 4. d3 Bg7 5. Nc3 d6 6. Be3 Nf6 7. d4 cxd4 8. Nxd4
Nd7 9. Nxc6 Bxc3+ 10. bxc3 bxc6 11. Bd3 O-O 12. O-O c5 13. Re1 Rb8 14. Qa4 a6
15. Rab1 Rxb1 16. Rxb1 Ne5 17. Qd1 Be6 18. Qe2 Qd7 19. Rd1 Qa4 20. Bc2 Qxa2 21.
Rb1 Qxc4 22. Qd2 a5 23. Bb3 Qa6 24. Ba4 Qc4 25. Qc2 Qd3 26. Qxd3 Nxd3 27. Bc2
Ne5 28. Ra1 Ra8 29. f4 Nc4 30. Bf2 Bd7 31. e5 a4 32. Be4 Rb8 33. Bh4 e6 34. exd6
Nxd6 35. Bf3 f5 36. Be7 Rb6 37. Bd8 Rb8 38. Bc7 Rb3 39. Bxd6 Rxc3 40. Be5 Rc4
41. Rd1 Bb5 42. Rd8+ Kf7 43. Rb8 Rc1+ 44. Kf2 Rf1+ 45. Kg3 Bc4 46. Rb7+ Kg8 47.
Rg7+ Kf8 48. Rxh7 a3 49. Rc7 a2 50. Rxc5 Re1 51. Rxc4 Rxe5 52. Ra4 {Black
resigns} 1-0

[Event "Team 45 45 League T45"]
[Site "Internet Chess Club"]
[Date "2010.05.24"]
[Round "3"]
[White "chips"]
[Black "Skylab"]
[Result "1-0"]
[WhiteElo "1256"]
[BlackElo "1259"]
[Opening "Polish (Sokolsky) opening"]
[ECO "A00"]
[Time "16:00:10"]
[TimeControl "2700+45"]

1. b4 e5 2. Bb2 Nc6 3. b5 Nd4 4. Bxd4 exd4 5. e4 dxe3 6. dxe3 Qf6 7. c3 Bb4 8.
Qd4 Qxd4 9. exd4 Be7 10. Nf3 Nf6 11. c4 d5 12. c5 Bg4 13. Be2 O-O 14. a4 Rfe8
15. Nc3 c6 16. Ne5 Bxe2 17. Nxe2 cxb5 18. axb5 Nd7 19. Nxd7 Rad8 20. Ne5 Bf6 21.
f4 Re7 22. O-O Rde8 23. Nc3 Bxe5 24. fxe5 Rd7 25. Rxa7 f6 26. c6 Rde7 27. Nxd5
Re6 28. Nc7 {Black resigns} 1-0

[Event "Team 45 45 League T45"]
[Site "Internet Chess Club"]
[Date "2010.05.23"]
[Round "3"]
[White "Salvatore"]
[Black "fuzzface"]
[Result "1/2-1/2"]
[WhiteElo "1567"]
[BlackElo "1406"]
[Opening "Richter-Veresov attack"]
[ECO "D01"]
[Time "12:03:25"]
[TimeControl "2700+45"]

1. d4 d5 2. Nc3 Nf6 3. Bg5 e6 4. Nf3 Be7 5. Bxf6 Bxf6 6. e4 a6 7. Bd3 Nc6 8. e5
Be7 9. a3 O-O 10. O-O f6 11. Ne2 fxe5 12. dxe5 b5 13. c3 Bg5 14. Re1 Bh4 15.
Nxh4 Qxh4 16. Ng3 d4 17. Re4 Qh6 18. cxd4 Rf4 19. Qe2 Bb7 20. Rxf4 Qxf4 21. Qe3
Rf8 22. Re1 Qxd4 23. Qd2 Qf4 24. Qxf4 Rxf4 25. Ne4 Nxe5 26. Bc2 Rg4 27. h3 Nf3+
28. Kf1 Nxe1 29. hxg4 Nxc2 30. Nc5 Bc8 31. Ke2 Kf7 32. f4 Nd4+ 33. Kd3 Nc6 34.
Ke4 h6 35. g3 a5 36. f5 exf5+ 37. gxf5 Kf6 38. g4 Ne5 39. Kf4 g6 40. Ne4+ Kf7
41. Kxe5 gxf5 42. gxf5 b4 43. axb4 axb4 44. f6 Bb7 45. Nc5 Bg2 46. Ne6 Bf1 47.
Nd8+ Kg8 48. Ke6 Bc4+ 49. Kf5 h5 50. Kg5 Bf7 51. Nc6 b3 52. Ne7+ Kf8 53. Nf5 c5
54. Ng3 c4 55. Ne2 Be8 56. Nc3 Kf7 57. Ne4 Kg8 58. Nc3 Kf7 59. Ne4 Ke6 60. Nc3
h4 61. Kxh4 Kxf6 62. Kg3 Ke5 63. Kf3 Bg6 64. Ke3 Bd3 65. Nd1 Kd5 66. Nc3+ Kc5
67. Na4+ Kb4 68. Nc3 Bf1 69. Kd4 Bd3 70. Nd5+ Kb5 71. Kc3 Kc5 72. Ne3 Kb5 {Game
drawn by mutual agreement} 1/2-1/2

[Event "Team 45 45 League T45"]
[Site "Internet Chess Club"]
[Date "2010.05.26"]
[Round "3"]
[White "GhostMonster"]
[Black "Mansour1985"]
[Result "0-1"]
[WhiteElo "1332"]
[BlackElo "1561"]
[Opening "English, 1...Nf6 (Anglo-Indian defense)"]
[ECO "A15"]
[Time "06:04:08"]
[TimeControl "2700+45"]

1. c4 Nf6 2. g3 g6 3. Bg2 Bg7 4. e4 Nc6 5. Nc3 d6 6. d3 O-O 7. Nge2 Bd7 8. O-O
Qc8 9. Be3 Bh3 10. f4 Bxg2 11. Kxg2 Ng4 12. Bd2 f5 13. h3 Nh6 14. a3 a5 15. Rb1
Qd7 16. b4 axb4 17. axb4 e5 18. b5 Ne7 19. Qb3 Kh8 20. b6 c6 21. Be3 Qd8 22. c5
Nc8 23. Rfd1 dxc5 24. Bxc5 Re8 25. Qb4 fxe4 26. dxe4 Qf6 27. fxe5 Qxe5 28. Bd4
Qe7 29. Qxe7 Rxe7 30. Bxg7+ Rxg7 31. Rd2 Ng8 32. Rd8 Nxb6 33. Rxa8 Nxa8 34. Na4
Re7 35. Nc5 b5 36. Nd4 Re5 37. Nd7 Rxe4 38. Nxc6 Rc4 39. Ncb8 Nc7 40. Rf1 b4 41.
Rf7 b3 42. Nf8 Nf6 43. Rxf6 b2 44. Rb6 Rc2+ 45. Kf3 Nd5 46. Rb3 Rc3+ 47. Rxc3
Nxc3 {White resigns} 0-1

[Event "Team 45 45 League T45"]
[Site "Internet Chess Club"]
[Date "2010.05.21"]
[Round "3"]
[White "lawth3"]
[Black "Just-Jim"]
[Result "0-1"]
[WhiteElo "1121"]
[BlackElo "1431"]
[Opening "QGD Slav defense: exchange variation"]
[ECO "D10"]
[Time "18:00:07"]
[TimeControl "2700+45"]

1. d4 d5 2. c4 c6 3. cxd5 cxd5 4. Nf3 Bf5 5. Bf4 e6 6. Nc3 Nc6 7. e3 a6 8. a3 h6
9. Be2 Nf6 10. O-O Be7 11. Rb1 O-O 12. Qd2 Bxb1 13. Rxb1 Nh7 14. h4 Bxh4 15. g3
Bg5 16. e4 Bxf4 17. Qxf4 dxe4 18. Nxe4 f5 19. Nc5 Qe7 20. Kg2 b6 21. Nd3 Ng5 22.
Nh4 Qf6 23. Nf3 Nxf3 24. Bxf3 Rac8 25. Rh1 Qxd4 26. Qd2 Rfd8 27. Rxh6 Qxd3 28.
Qg5 Nd4 29. Bh5 Qe4+ 30. Bf3 Qxf3+ 31. Kf1 Ne2 {White resigns} 0-1

[Event \"Team 45 45 League T45\"]\n[Site \"Internet Chess Club\"]\n[Date \"2010.05.29\"]\n[Round \"3\"]\n[White \"Toalla\"]\n[Black \"eramos\"]\n[Result \"*\"]\n[WhiteElo \"1144\"]\n[BlackElo \"1208\"]\n[Opening \"QGD: Marshall defense\"]\n[ECO \"D06\"]\n[Time \"14:01:00\"]\n[TimeControl \"2700+45\"]\n\n1. d4 d5 2. c4 Nf6 3. e3 Ne4 4. Nf3 Bg4 5. Be2 e6 6. O-O Qf6 7. Nbd2 Ng5 8.\nNxg5 Qxg5 9. Bxg4 Bd6 10. cxd5 f5 11. Bf3 Qh4 12. g3 Qh3 13. Bg2 Qh6 14.\ndxe6 Qxe6 15. Bxb7 Nd7 16. Bxa8 O-O 17. Bg2 Qh6 18. Bd5+ Kh8 19. Nf3 Nf6 20.\ne4 Ng4 21. Bxh6 Nxh6 22. e5 Be7 23. a3 Rd8 24. Qb3 Ng4 25. Rac1 Rc8 26. Be6\nRf8 27. Rxc7 Bd8 28. Rxa7 Bf6 29. exf6 Nxf6 30. Qb7 Nh5 31. Bxf5 Rg8 32. Rc1\n{Game adjourned when Black disconnected}\n*\n

[Event "Team 45 45 League T45"]
[Site "Internet Chess Club"]
[Date "2010.05.22"]
[Round "3"]
[White "BishopMike"]
[Black "Portola"]
[Result "0-1"]
[WhiteElo "1441"]
[BlackElo "1794"]
[Opening "Danish gambit"]
[ECO "C21"]
[Time "23:00:31"]
[TimeControl "2700+45"]

1. e4 e5 2. d4 exd4 3. c3 d6 4. Bc4 Nf6 5. Bg5 Be7 6. cxd4 O-O 7. Nd2 Nc6 8.
Ngf3 Bg4 9. Qc2 a6 10. a3 Bh5 11. O-O Bg6 12. Bd3 Nd7 13. Bxe7 Qxe7 14. Rfe1 Qf6
15. Nb3 Rac8 16. d5 Nce5 17. Be2 Nxf3+ 18. Bxf3 Ne5 19. Be2 c6 20. dxc6 Rxc6 21.
Qb1 Rfc8 22. Na5 Rc2 23. Nxb7 Bxe4 24. Nxd6 Qxd6 25. Bxa6 Nf3+ 26. gxf3 Qg6+ 27.
Kf1 Qxa6+ 28. Kg1 Qg6+ 29. Kf1 Bd3+ 30. Re2 Bxe2+ 31. Ke1 Qg1# {White
checkmated} 0-1

[Event "Team 45 45 League T45"]
[Site "Internet Chess Club"]
[Date "2010.05.23"]
[Round "3"]
[White "BotanicalKnight"]
[Black "achessfool"]
[Result "0-1"]
[WhiteElo "1558"]
[BlackElo "1497"]
[Opening "French: King's Indian attack"]
[ECO "C00"]
[Time "16:02:36"]
[TimeControl "2700+45"]

1. e4 e6 2. d3 d5 3. e5 c5 4. g3 Nc6 5. f4 Nh6 6. Bg2 Nf5 7. Nc3 Be7 8. Nf3 O-O
9. O-O d4 10. Ne4 Bd7 11. a3 a5 12. Qe1 b5 13. g4 Nh6 14. Qg3 Kh8 15. h4 c4 16.
h5 f6 17. exf6 Bxf6 18. f5 Nf7 19. g5 Be5 20. Nxe5 Nfxe5 21. f6 g6 22. hxg6 Nxg6
23. Nc5 Nce5 24. Bxa8 Qxa8 25. Nxd7 Nxd7 26. Qd6 Nde5 27. Kh2 Rg8 28. Bf4 Nh4
29. Qxe5 Qg2# {White checkmated} 0-1

[Event "Team 45 45 League T45"]
[Site "Internet Chess Club"]
[Date "2010.05.20"]
[Round "3"]
[White "TheronUAL"]
[Black "g8wrb"]
[Result "0-1"]
[WhiteElo "1472"]
[BlackElo "1503"]
[Opening "Scandinavian: Pytel-Wade variation"]
[ECO "B01"]
[Time "16:01:21"]
[TimeControl "2700+45"]

1. e4 d5 2. exd5 Qxd5 3. Nc3 Qd6 4. d4 Nf6 5. Nf3 Bg4 6. Be2 a6 7. O-O e6 8. h3
Bh5 9. Bg5 Be7 10. Bh4 O-O 11. Bg3 Qb6 12. Rb1 Rd8 13. Be5 Nbd7 14. Qc1 c5 15.
Qf4 Rac8 16. Bd3 Bxf3 17. gxf3 cxd4 18. Ne4 Nxe5 19. Qxe5 Rd5 20. Nxf6+ Bxf6 21.
Qe4 Rh5 22. Kh2 Rcc5 23. f4 Qc7 24. Kg2 Bg5 25. fxg5 Rcxg5+ 26. Kf3 Rxh3+ 27.
Ke2 Re5 28. Rh1 Rxe4+ 29. Bxe4 Rxh1 30. Rxh1 h6 31. Rd1 e5 32. c3 dxc3 33. bxc3
Kf8 34. Rd3 Qc4 35. Ke3 Qc5+ 36. Kf3 Qc7 37. Bd5 f5 38. Ke2 Ke7 39. c4 b5 40.
Rb3 Qc5 41. Rg3 Kf6 42. Rb3 g5 43. Bg8 h5 44. a4 b4 45. Rd3 h4 46. Rd7 g4 47.
Bd5 b3 48. Rf7+ Kg5 49. Rb7 Qa3 50. Rg7+ Kf4 51. Rf7 b2 52. Rb7 Qxa4 53. Rxb2 h3
54. c5 Qd4 55. Rd2 Qxc5 56. Bh1 a5 57. Bd5 h2 58. Bg2 Qc1 59. Rd1 Qc4+ 60. Kd2
a4 61. Rh1 g3 62. fxg3+ Kxg3 63. Bf1 Qd4+ 64. Bd3 Qg1 {White resigns} 0-1

[Event "Team 45 45 League T45"]
[Site "Internet Chess Club"]
[Date "2010.05.22"]
[Round "3"]
[White "LuxAeterna"]
[Black "noblitz-oblige"]
[Result "1-0"]
[WhiteElo "1863"]
[BlackElo "1614"]
[Opening "Petrov three knights game"]
[ECO "C42"]
[Time "11:00:28"]
[TimeControl "2700+45"]

1. e4 e5 2. Nf3 Nf6 3. Nc3 Bb4 4. Nd5 Bc5 5. Nxe5 Nxe4 6. d4 O-O 7. dxc5 Re8 8.
Qd4 d6 9. cxd6 cxd6 10. Nf3 Nc6 11. Qe3 Ng3 12. hxg3 Rxe3+ 13. Bxe3 Bf5 14.
O-O-O Qa5 15. a3 Rc8 16. Nh4 Be4 17. Nc3 d5 18. f3 d4 19. Bxd4 Bd5 20. Nxd5 Qxd5
21. Bc3 Qa2 22. Bd3 Qe6 23. Nf5 g6 24. Rhe1 Qa2 25. Ne7+ Nxe7 26. Rxe7 Rxc3 27.
Re8+ {Black resigns} 1-0

[Event "Team 45 45 League T45"]
[Site "Internet Chess Club"]
[Date "2010.05.24"]
[Round "3"]
[White "RD1974"]
[Black "catrasca"]
[Result "1-0"]
[WhiteElo "1728"]
[BlackElo "1575"]
[Opening "Two knights defense (Modern bishop's opening)"]
[ECO "C24"]
[Time "15:00:17"]
[TimeControl "2700+45"]

1. e4 e5 2. Bc4 Nf6 3. d3 Nc6 4. Nf3 d6 5. Nc3 Be7 6. O-O O-O 7. h3 a6 8. a4 h6
9. Be3 Be6 10. Nd5 Na5 11. Ba2 c5 12. Nh2 Nxd5 13. exd5 Bd7 14. c4 b5 15. axb5
axb5 16. Qd2 bxc4 17. dxc4 Ba4 18. b4 Nb3 19. Bxb3 Bxb3 20. Rxa8 Qxa8 21. Qc3
Qa2 22. Rc1 cxb4 23. Qxb4 Rc8 24. Ng4 Rxc4 25. Qb8+ Kh7 26. Rxc4 Bxc4 27. Qc7
Bg5 28. Qxf7 Qb1+ 29. Kh2 Qg6 30. Qb7 h5 31. Bxg5 Qxg5 32. Ne3 Bd3 33. Qc7 Qf4+
34. Kg1 Qf6 35. Qc3 Qg6 36. Qb4 Qf6 37. Qb8 e4 38. Qe8 Qa1+ 39. Kh2 Qb2 40.
Qxh5+ Kg8 41. Ng4 Be2 42. Qe8+ Kh7 43. Qxe4+ Kg8 44. Ne3 Qf6 45. f4 Bh5 46. Qe6+
Bf7 47. Qxf6 gxf6 48. Nc4 Bxd5 49. Nxd6 Kg7 50. g4 Bb3 51. Kg3 Kg6 52. f5+ Kg7
53. Kf4 Bd1 54. h4 Bc2 55. g5 fxg5+ 56. Kxg5 Bb3 57. f6+ Kf8 58. h5 Bg8 59. h6
Bh7 60. Kf4 Bg8 61. Ke5 Bh7 62. Ke6 Bg8+ 63. f7 Bh7 64. Kf6 Bb1 65. Nc4 Bh7 66.
Ne5 Bf5 67. h7 {Black resigns} 1-0

[Event "Team 45 45 League T45"]
[Site "Internet Chess Club"]
[Date "2010.05.22"]
[Round "3"]
[White "ElMarginal"]
[Black "Tamarin"]
[Result "0-1"]
[WhiteElo "1560"]
[BlackElo "1632"]
[Opening "Giuoco Pianissimo: Canal variation"]
[ECO "C50"]
[Time "22:01:12"]
[TimeControl "2700+45"]

1. e4 e5 2. Nf3 Nc6 3. Bc4 Bc5 4. d3 Nf6 5. Nc3 d6 6. Bg5 h6 7. Bxf6 Qxf6 8. Nd5
Qd8 9. a3 Bg4 10. h3 Bh5 11. g4 Bg6 12. h4 O-O 13. h5 Bh7 14. Qd2 Qd7 15. Rg1
Ne7 16. Nf6+ gxf6 17. Qxh6 d5 18. exd5 Qd6 19. Nd2 Qb6 20. Ne4 Bxe4 21. dxe4
Bxf2+ 22. Ke2 Bxg1 23. Rxg1 Qxg1 24. Qxf6 Qxg4+ 25. Kd2 Qf4+ {White resigns} 0-1

[Event "Team 45 45 League T45"]
[Site "Internet Chess Club"]
[Date "2010.05.21"]
[Round "3"]
[White "islanderpfeifer"]
[Black "milwaukeejosh"]
[Result "1-0"]
[WhiteElo "1467"]
[BlackElo "1353"]
[Opening "Queen's pawn: Yusupov-Rubinstein system"]
[ECO "A40"]
[Time "19:25:04"]
[TimeControl "2700+45"]

1. d4 e6 2. Nf3 Nf6 3. e3 Be7 4. Bd3 d6 5. O-O Nc6 6. Nbd2 e5 7. c3 Bg4 8. Re1
Qd7 9. a4 h5 10. b4 h4 11. Be2 Bh5 12. h3 O-O-O 13. Ba3 Rdg8 14. b5 Nd8 15. dxe5
Nd5 16. Qc2 g5 17. c4 g4 18. e6 Nxe6 19. cxd5 gxh3 20. dxe6 Qxe6 21. Bf1 hxg2
22. Bxg2 Qh3 23. Kf1 Qxg2+ 24. Ke2 h3 25. Rg1 Qxg1 26. Rxg1 Rxg1 27. Kd3 Rg2 28.
Ne1 Rxf2 29. Qc3 h2 30. Qxh8+ Kd7 31. Qxh5 {Black resigns} 1-0

[Event "Team 45 45 League T45"]
[Site "Internet Chess Club"]
[Date "2010.05.24"]
[Round "3"]
[White "MikeA"]
[Black "Knight77"]
[Result "1/2-1/2"]
[WhiteElo "2105"]
[BlackElo "2009"]
[Opening "Sicilian: Alapin's variation (2.c3)"]
[ECO "B22"]
[Time "23:19:06"]
[TimeControl "2700+45"]

1. e4 c5 2. c3 g6 3. d4 cxd4 4. cxd4 Bg7 5. Nf3 e6 6. Nc3 Ne7 7. Bd3 O-O 8. O-O
d5 9. e5 a6 10. Be3 Nbc6 11. a3 b5 12. Qd2 Na5 13. Qc2 Bb7 14. b3 Rc8 15. Rab1
Qd7 16. Qd2 Nac6 17. Rbc1 Na5 18. Qb2 Nac6 19. a4 b4 20. Ne2 f6 21. exf6 Bxf6
22. Bh6 Bg7 23. Bxg7 Kxg7 24. Qd2 Qd6 25. Rfe1 h6 26. h4 Rf7 27. Qe3 Rcf8 28.
Ng3 Bc8 29. Ne5 Nxe5 30. dxe5 Qd7 31. Rc2 Bb7 32. Ne2 Nc6 33. Nd4 Nxd4 34. Qxd4
Rf4 35. Qb6 R8f7 36. g3 Rf3 37. Re3 Rxe3 38. fxe3 d4 39. Qxd4 Qd5 40. Qxd5 Bxd5
41. Bxa6 Bxb3 42. Rb2 Bxa4 43. Rxb4 Bc6 {Game drawn by mutual agreement} 1/2-1/2